 Dungeon Crawl Stone Soup version 0.31-a0-851-g7ff8af7976 (webtiles) character file.

Game seed: 11848225072090905919

39 Flugkiller the Insei (level 3, -3/23 HPs)
             Began as an Octopode Shapeshifter on Oct 6, 2023.
             Slain by a gnoll
             ... wielding a +0 halberd
              (14 damage)
             ... on level 2 of the Dungeon.
             The game lasted 00:00:27 (501 turns).

Flugkiller the Insei (Octopode Shapeshifter)         Turns: 501, Time: 00:00:27

Health: -3/23      AC:  1    Str: 13    XL:     3   Next: 47%
Magic:  3/3        EV: 13    Int: 12    God:
Gold:   31         SH:  0    Dex: 13    Spells: 2/2 levels left

rFire   . .          .
                       - Unarmed
rCold   . . .        (no shield)
rNeg    . . .        (helmet currently unavailable)
rPois   .            (no amulet)
rElec   .            (no ring)
rCorr   .            (no ring)
SInv    .            (no ring)
Will    .....        (no ring)
Stlth   ++           (no ring)
HPRegen 0.23/turn    (no ring)
MPRegen 0.08/turn    (no ring)
                     (no ring)

%: no passive effects
@: beast-form
A: beast (slay +1), almost no armour, amphibious, 8 rings, camouflage 1,
gelatinous body 1, (nimble swimmer 1), tentacles
a: Begin Untransformation


You were on level 2 of the Dungeon.
You were a hulking beast.
You visited 1 branch of the dungeon, and saw 2 of its levels.

You collected 31 gold pieces.

Inventory:

Talismans
 b - a beast talisman (active)
 c - a flux talisman
Scrolls
 e - a scroll of revelation {unknown}
 f - a scroll of immolation {unknown}
 g - 2 scrolls of identify {unknown}
Potions
 a - a potion of lignification
 d - a potion of enlightenment {unknown}
 h - 2 potions of curing {unknown}


   Skills:
 - Level 1.0 Fighting
 - Level 2.0 Dodging
 + Level 4.4 Unarmed Combat
 - Level 3.0 Shapeshifting


You had 2 spell levels left.
You didn't know any spells.
Your spell library was empty.

Dungeon Overview and Level Annotations

Branches:
Dungeon (2/15) Zot: 11501

Altars:


Innate Abilities, Weirdness & Mutations

You are a hulking beast.
Your limbs bulge with bestial killing power. (Slay +1)
You cannot wear most types of armour.
You are amphibious.
You can wear up to eight rings at the same time.
Your skin changes colour to match your surroundings (Stealth+).
Your rubbery body absorbs attacks. (AC +1, EV +1)
((You are camouflaged when in or above water. (Stealth+)))
You have tentacles for arms and can constrict up to eight enemies at once.


Message History

You tentacle-slap the kobold but do no damage.
You grab the kobold.
You constrict the kobold, but do no damage.
You completely miss the kobold. You squeeze the kobold.
You kill the kobold!
You have reached level 3!
Your experience leads to an increase in your attributes!
Increase (S)trength, (I)ntelligence, or (D)exterity?
You feel agile. x2
You tentacle-slap the goblin. You grab the goblin. You squeeze the goblin.
The goblin is severely wounded.
You constrict the goblin.
You kill the goblin!
You barely miss the giant cockroach. Your grab misses the giant cockroach.
The giant cockroach bites you.
You tentacle-slap the giant cockroach.
You kill the giant cockroach!
Items here: )) ††.
No target in view!
No target in view!
Found a leather armour.
There is a stone staircase leading down here.
Key pressed, stopping explore.
Done exploring.
No target in view!
No target in view!
No target in view!
Done exploring.
There is a stone staircase leading down here.
You climb downwards.
There is a stone staircase leading up here.
Unknown command.
A goblin comes into view. It is wielding a +0 dagger.
Found a stone staircase leading down.
The goblin shouts!
A goblin is nearby!
A goblin comes into view. It is wielding a +0 club.
You tentacle-slap the goblin. You grab the goblin.
The goblin is severely wounded.
You constrict the goblin.
You kill the goblin!
The goblin closely misses you.
Things that are here:
a +0 club; a goblin corpse You tentacle-slap the goblin.
You kill the goblin!
No target in view!
No target in view!
You see here a +0 dagger.
Key pressed, stopping explore.
No target in view!
No target in view!
Unknown command.
No target in view!
An adder comes into view.
An adder is nearby!
An adder is nearby!
The adder barely misses you.
You miss the adder. Your grab misses the adder.
Your tentacle-slap misses the adder.
The adder closely misses you. The adder bites you.
You tentacle-slap the adder. You grab the adder.
The adder is lightly wounded.
You constrict the adder. The adder barely misses you.
You bludgeon the adder! You squeeze the adder.
You kill the adder!
Found a faded altar of an unknown god.
You see here an adder corpse.
No target in view!
There is a faded altar of an unknown god here.
HP restored.
A ball python comes into view.
A ball python is nearby!
The ball python hisses angrily.
You tentacle-slap the ball python. Your grab misses the ball python.
The ball python is heavily wounded.
The ball python closely misses you. The ball python misses you.
You tentacle-slap the ball python.
You kill the ball python!
No target in view!
No target in view!
No target in view!
A gnoll comes into view. It is wielding a +0 halberd.
The gnoll shouts!
You hear a shout! x2
A gnoll comes into view. It is wielding a +0 flail.
A kobold comes into view. It is wielding a +0 club.
The kobold shouts!
You hear a shout!
A gnoll comes into view. It is wielding a +0 club.
The kobold moves out of view.
The gnoll hits you with a +0 halberd! The gnoll hits you with a +0 club.
You are too injured to fight recklessly!
You are too injured to fight recklessly!
You are too injured to fight recklessly!
The gnoll barely misses you.
You bludgeon the gnoll! You grab the gnoll.
The gnoll is severely wounded.
You constrict the gnoll, but do no damage.
The gnoll hits you from afar with a +0 halberd!
Ouch! That really hurt!
You die...

#.#.########.####.##
#.#.. #...##.#
#..... #.####..#.#
#..##.# #.........#
#.. ## #######.###
........# #.####..##
#...# ##h.# ##g#
.......g# .######K.
.... #####


You could see 2 gnolls and a kobold.

Vanquished Creatures
  An adder (D:2)
  2 bats (D:1)
  An endoplasm (D:1)
  5 giant cockroaches (D:1)
  5 goblins
  2 hobgoblins (D:1)
  2 jackals (D:1)
  4 ball pythons
  2 kobolds (D:1)
  2 rats (D:1)
26 creatures vanquished.

Notes
Turn   | Place    | Note
-------+----------+-------------------------------------------
     0 | D:1      | Flugkiller the Octopode Shapeshifter began the quest for
                  | the Orb.
     0 | D:1      | Reached XP level 1. HP: 13/13 MP: 1/1
    50 | D:1      | Reached XP level 2. HP: 17/18 MP: 2/2
   260 | D:1      | Reached skill level 4 in Unarmed Combat
   293 | D:1      | Reached XP level 3. HP: 20/23 MP: 3/3
   471 | D:2      | Found a faded altar of an unknown god.
   501 | D:2      | Slain by a gnoll

Illustrated notes

Levels and vault maps discovered:
D:1:      wander_arrival_desolate, layout_rooms, minmay_worlds_worst_comb
D:2:      minmay_inner_zag, layout_basic, basic_ecumenical_altar, basic_altar,
          serial_shops, shop, nicolae_shop_crystal, minmay_circled_x

Skill      XL: |  1  2 |
---------------+-------+-----
Unarmed Combat | 4 |  4.4
Fighting       | |  1.0
Dodging        | |  2.0
Shapeshifting  | |  3.0

Action                     || total
---------------------------++-------
  Melee: Unarmed           ||    48
         Constrict         ||    13
         Tentacles         ||     5
   Stab: Sleeping          ||     2
 Armour: Skin              ||    26
  Dodge: Dodged            ||    45

Table legend: (Time is in decaauts)
 A = Elapsed time spent in this place.
 B = Non-inter-level travel time spent in this place.
 C = Inter-level travel time spent in this place.
 D = Time resting spent in this place.
 E = Time spent auto-exploring this place.
 F = Levels seen in this place.
 G = Mean time per level.
                   A        B        C        D        E       F      G
               +--------+--------+--------+--------+--------+-----+--------+
         Total |    497 |    487 |     10 |     54 |    297 |   2 |  248.5 |
       Dungeon |    497 |    487 |     10 |     54 |    297 |   2 |  248.5 |
               +--------+--------+--------+--------+--------+-----+--------+

Top non-repeatable levels by time:
     D:1: 428 daAuts
     D:2: 69 daAuts
